cohdb
Replays
Latest Replays
All Replays
Popular Replays
Top Player Replays
Match Explorer
How It Works
Community
CoH3 Stats
Reddit
Sign in to upload your games and track your stats! →
Sign in with Steam
Match 40922634
Unlisted
Match 40922634
Overview
Messages
Build Orders
End
Kettenkrad Recon Vehicle
Construct Infanterie Kompanie
Selects Terror Battlegroup
Selects Machine Gun Camouflage
MG 42 Machine Gun Team
MG 42 Machine Gun Team
Grenadier Squad
Construct Panzergrenadier Kompanie
Selects Interrogate
251 Medium Carrier
Pak 40 Anti-tank Gun Team
Support Elements
StuG III G Assault Gun
Grenadier Squad
Nebelwerfer 42 Rocket Launcher Team
Side Skirts
Selects Jericho Trumpet
Panzergrenadier Squad
Panzergrenadier Squad
Medical Station
Pioneer Squad
Selects V1 Rocket Strike
V1 Rocket Strike
Kettenkrad Recon Vehicle
V1 Rocket Strike
V1 Rocket Strike
StuG III G Assault Gun
StuG III G Assault Gun
Construct Panzer Kompanie
V1 Rocket Strike
Selects Defend the Fatherland
Pak 40 Anti-tank Gun Team
V1 Rocket Strike
Selects King Tiger Heavy Tank
King Tiger Heavy Tank
Kozłowski
-Trupp5- Radio
Mako
SAAD II
Garfailed
sirlobin
[GG]Quiq
DaemonJester
0
0
Comments
sign in to comment!
No comments posted yet!